 Dungeon Sprint DCSS version 0.27.1-1-g398f81649c (webtiles) character file.

Game seed: 5144941508453602911

4991 styxcanada the Imperceptible (level 10, -27/55 HPs)
             Began as a Spriggan Brigand on Sept 10, 2021.
             Was an Initiate of Gozag.
             Annihilated by a spriggan rider (30 damage)
             ... in the Dungeon (Sprint IV: "Fedhas' Mad Dash").
             The game lasted 00:07:14 (989 turns).

styxcanada the Imperceptible (Spriggan Brigand)      Turns: 989, Time: 00:07:15

Health: -27/55     AC:  3    Str:  7    XL:     10   Next: 29%
Magic:  11/11      EV: 25    Int: 14    God:    Gozag
Gold:   1658       SH:  0    Dex: 19    Spells: 9/9 levels left

rFire    . . .     SeeInvis +   a - +2 dagger
rCold    . . .     Faith    .   (shield restricted)
rNeg     . . .     Spirit   .   b - +0 robe
rPois    .         Reflect  .   (helmet restricted)
rElec    .         Harm     .   c - +0 cloak
rCorr    .         Rampage  .   (gloves unavailable)
Will     +....     NoTele   +   (boots unavailable)
Stlth    +++++++++.             l - amulet of invisibility {+Inv}
HPRegen  0.18/turn              (no ring)
MPRegen  0.12/turn              (no ring)

@: on berserk cooldown, very slightly contaminated, slowed, quick
A: very small, no large weapons, unfitting armour, see invisible, speed 3
a: Renounce Religion, Evoke Invisibility, Potion Petition, Call Merchant, Bribe
Branch


You were in the Dungeon.
You worshipped Gozag.
Gozag was most pleased with you.
You visited 1 branch You collected 1956 gold pieces.
You spent 298 gold pieces at shops.

Inventory:

Hand Weapons
 a - a +2 dagger (weapon)
 o - the +3 hand axe "Peuboschi" {vorpal, rElec rN+ Str-2 Dex+3}
   (You bought it in a shop in the Dungeon)

   It inflicts extra damage upon your enemies.
   Str:       It affects your strength (-2).
   Dex:       It affects your dexterity (+3).
   rElec:     It insulates you from electricity.
   rN:        It protects you from negative energy.
Armour
 b - a +0 robe (worn)
 c - a +0 cloak (worn)
Jewellery
 l - the amulet of invisibility (around neck) {+Inv}
   (You found it in the Dungeon)

   [amulet of nothing]

   +Inv:      It lets you turn invisible.
Scrolls
 k - a scroll of blinking
Potions
 f - a potion of curing
 h - a potion of haste
 i - 2 potions of magic
 j - 2 potions of berserk rage
Miscellaneous
 q - a phantom mirror


   Skills:
 * Level 7.0 Fighting
 + Level 6.9 Short Blades
 + Level 4.4 Throwing
 * Level 10.5 Dodging
 * Level 24.9 Stealth
 * Level 12.0 Evocations


You had 9 spell levels left.
You didn't know any spells.
Your spell library contained the following spells:

 Spells                   Type           Power      Damage    Failure   Level
 Static Discharge         Conj/Air       0%         N/A       41%         2
 Lightning Bolt           Conj/Air       0%         1d11      100%        5
 Maxwell's Capacitive Co  Air            0%         ∞         100%        8


Dungeon Overview and Level Annotations

Branches:
Dungeon (1/1)

Altars:
Cheibriados
Dithmenos
Elyvilon
Gozag
Hepliaklqana
Kikubaaqudgha
Makhleb
Nemelex Xobeh
Okawaru
Qazlal
Ru
Sif Muna
Trog
Uskayaw
Vehumet
Wu Jian
Xom
Yredelemnul
Zin
The Shining One
Beogh
Jiyva
Lugonu

Shops:
D ([(!:[


Innate Abilities, Weirdness & Mutations

You are very small and have problems with some larger weapons.
You are too small for most types of armour.
You have supernaturally acute eyesight. (SInv)
You cover ground extremely quickly. (Speed+++)


Message History

Unknown command.
You closely miss the spriggan rider.
The spriggan rider is lightly wounded.
You closely miss the spriggan rider.
The spriggan rider is lightly wounded.
The spriggan rider blocks your attack.
The spriggan rider is lightly wounded.
The spriggan rider misses you.
You hit the spriggan rider.
The spriggan rider is lightly wounded.
The spriggan rider blocks your attack.
The spriggan rider is lightly wounded.
The spriggan rider barely misses you.
You barely miss the spriggan rider.
The spriggan rider is lightly wounded.
The spriggan rider blocks your attack.
The spriggan rider is lightly wounded.
The spriggan rider hits you with a +0 spear!!
* * * LOW HITPOINT WARNING * * *
You puncture the spriggan rider!
The spriggan rider is moderately wounded.
You barely miss the spriggan rider.
The spriggan rider is moderately wounded.
The spriggan rider completely misses you.
You hit the spriggan rider.
The spriggan rider is moderately wounded.
You puncture the spriggan rider!
The spriggan rider is heavily wounded.
The spriggan rider misses you.
You puncture the spriggan rider!
The spriggan rider is severely wounded.
You are no longer berserk.
You are exhausted.
You feel yourself slow down.
The spriggan looks more healthy.
You hit the spriggan rider.
The spriggan rider is severely wounded.
The spriggan rider hits you with a +0 spear!!
Ouch! That really hurt!
You die...
Your body crumbles into a pile of gold.

'.#(..'.._._._._._..'..#...#....'
#.#...#..._._._._...#..###'##.).#
####'##.._._._._._..#.[##∩∩.'...#
..'...#._._._._._.⌠.#############
..#...###################......##
.######♣♣♣♣♣..♣.###.i.('(....(['.
###.|'......♣..♣##..#..#.P.....##
.....#♣..♣♣♣.♣).###(##+##.P....#
.....#.♣♣.)♣...♣@ii.# ########
#####################


You could see a spriggan rider and a spriggan.

Vanquished Creatures
  A spriggan druid (D)
  6 oklob plants (D)
  A demonic crawler (D)
  A queen bee (D)
  3 wandering mushrooms (D)
  3 burning bushes (D)
  3 scorpions (D)
  4 killer bees (D)
  5 oklob saplings (D)
  3 spriggans (D)
  A river rat (D)
  A rat (D)
  A ballistomycete spore (D)
33 creatures vanquished.

Notes
Turn   | Place    | Note
-------+----------+-------------------------------------------
     0 | D        | styxcanada the Spriggan Brigand began the quest for the
                  | Orb.
     0 | D        | Reached XP level 1. HP: 10/10 MP: 2/2
     9 | D        | Reached skill level 7 in Stealth
     9 | D        | Reached XP level 2. HP: 15/15 MP: 3/3
   115 | D        | Noticed an oklob sapling
   117 | D        | Killed an oklob sapling
   118 | D        | Reached skill level 9 in Stealth
   118 | D        | Reached XP level 3. HP: 19/19 MP: 4/4
   119 | D        | Noticed a scorpion
   119 | D        | Found the amulet of invisibility {+Inv}
   131 | D        | Killed a scorpion
   132 | D        | Reached skill level 12 in Stealth
   132 | D        | Reached XP level 4. HP: 23/23 MP: 5/5
   163 | D        | Found an opulent altar of Gozag.
   163 | D        | Found a hazy altar of Hepliaklqana.
   163 | D        | Found a burning altar of Makhleb.
   163 | D        | Found a sparkling altar of Nemelex Xobeh.
   163 | D        | Found a snail-covered altar of Cheibriados.
   163 | D        | Found a sacrificial altar of Ru.
   163 | D        | Found a shimmering blue altar of Sif Muna.
   163 | D        | Found a shimmering altar of Xom.
   163 | D        | Found a basalt altar of Yredelemnul.
   164 | D        | Found a viscous altar of Jiyva.
   164 | D        | Found a bloodstained altar of Trog.
   164 | D        | Found an ornate altar of the Wu Jian Council.
   165 | D        | Found an iron altar of Okawaru.
   165 | D        | Found a shadowy altar of Dithmenos.
   165 | D        | Found a glowing silver altar of Zin.
   166 | D        | Found an ancient bone altar of Kikubaaqudgha.
   166 | D        | Found a hide-covered altar of Uskayaw.
   167 | D        | Found a stormy altar of Qazlal.
   167 | D        | Found a white marble altar of Elyvilon.
   167 | D        | Found a glowing golden altar of the Shining One.
   168 | D        | Found a corrupted altar of Lugonu.
   168 | D        | Found a radiant altar of Vehumet.
   170 | D        | Became a worshipper of Gozag Ym Sagoz the Greedy
   175 | D        | Reached skill level 13 in Stealth
   175 | D        | Reached skill level 1 in Evocations
   175 | D        | Reached XP level 5. HP: 28/28 MP: 3/6
   219 | D        | Reached skill level 14 in Stealth
   225 | D        | Reached skill level 5 in Dodging
   226 | D        | Reached skill level 15 in Stealth
   228 | D        | Reached XP level 6. HP: 33/33 MP: 5/7
   249 | D        | Found Hythryleg's Antique Armour Shop.
   250 | D        | Found Zouzah's Weapon Emporium.
   292 | D        | Noticed a burning bush
   292 | D        | Noticed a wandering mushroom
   293 | D        | Noticed a wandering mushroom
   296 | D        | Killed a burning bush
   297 | D        | Reached skill level 17 in Stealth
   297 | D        | Killed a wandering mushroom
   298 | D        | Reached skill level 18 in Stealth
   298 | D        | Reached skill level 5 in Evocations
   298 | D        | Reached XP level 7. HP: 38/38 MP: 5/8
   298 | D        | Killed a wandering mushroom
   299 | D        | Reached skill level 5 in Fighting
   299 | D        | Reached skill level 19 in Stealth
   301 | D        | Reached skill level 5 in Short Blades
   301 | D        | Reached XP level 8. HP: 43/43 MP: 5/9
   313 | D        | Found Erhead's Antique Weapon Shoppe.
   314 | D        | Found Eseydij's Distillery.
   317 | D        | Identified the +0 pair of gloves "Akhlonuat" {rElec rC-
                  | Stlth+}
   319 | D        | Bought a crystal hand axe for 208 gold pieces
   319 | D        | Identified the +3 hand axe "Peuboschi" {vorpal, rElec rN+
                  | Str-2 Dex+3} (You bought it in a shop in the Dungeon)
   321 | D        | Bought a potion of degeneration for 10 gold pieces
   321 | D        | Bought a potion of attraction for 30 gold pieces
   321 | D        | Bought a potion of berserk rage for 50 gold pieces
   376 | D        | Noticed a queen bee
   383 | D        | Killed a queen bee
   384 | D        | Reached skill level 20 in Stealth
   431 | D        | Noticed an oklob plant
   434 | D        | Killed an oklob plant
   435 | D        | Reached skill level 21 in Stealth
   448 | D        | Noticed a burning bush
   451 | D        | Killed a burning bush
   452 | D        | Reached XP level 9. HP: 48/48 MP: 8/10
   506 | D        | Noticed a burning bush
   506 | D        | Noticed an oklob plant
   507 | D        | Noticed a wandering mushroom
   508 | D        | Killed a burning bush
   509 | D        | Reached skill level 22 in Stealth
   513 | D        | Killed an oklob plant
   517 | D        | Killed a wandering mushroom
   518 | D        | Reached skill level 23 in Stealth
   518 | D        | Reached skill level 10 in Evocations
   608 | D        | Noticed a spriggan druid
   610 | D        | Killed a spriggan druid
   659 | D        | Noticed an oklob plant conjurer
   660 | D        | Killed an oklob plant conjurer
   661 | D        | Reached skill level 10 in Dodging
   719 | D        | Noticed an oklob plant
   719 | D        | Noticed an oklob plant summoner
   720 | D        | Noticed an oklob plant shifter
   724 | D        | Killed an oklob plant
   725 | D        | Reached skill level 24 in Stealth
   725 | D        | Reached XP level 10. HP: 53/53 MP: 8/11
   726 | D        | Killed an oklob plant summoner
   729 | D        | Killed an oklob plant shifter
   933 | D        | Noticed a spriggan rider
   934 | D        | Found Cokoareq's Book Emporium.
   938 | D        | Found Ivonezoh's Antique Armour Shoppe.
   983 | D        | HP: 3/82 [spriggan rider (23)]
   989 | D        | Annihilated by a spriggan rider

Illustrated notes

Levels and vault maps discovered:
D:        dungeon_sprint_fedhas [sprint_temple]

Skill      XL: |  1  2  3  4  5  6  7  8  9 10 |
---------------+-------------------------------+-----
Dodging        | 2 3 4 5 7 8 10 | 10.5
Stealth        | 7 9 12 13 15 18 19 21 24 | 24.9
Fighting       | 2 3 4 5 6 7 |  7.0
Short Blades   | 3 4 5 6 |  6.9
Evocations     | 1 3 5 6 8 11 12 | 12.0
Throwing       | 3 4 |  4.4

Action                   |  1- 3 |  4- 6 |  7- 9 | 10-12 || total
-------------------------+-------+-------+-------+-------++-------
Melee: Dagger            |     6 |     7 |    18 |    20 ||    51
Throw: Dart              |     2 |       |       |    10 ||    12
 Abil: Evoke Invisibilit |       |     3 |     6 |     1 ||    10
  Use: Scroll            |       |       |     2 |     2 ||     4
       Potion            |       |       |       |     2 ||     2
 Stab: Sleeping          |     2 |     7 |    18 |     4 ||    31
Armor: Robe              |     1 |       |       |       ||     1
Dodge: Dodged            |     4 |       |       |    13 ||    17
